 Dungeon Crawl Stone Soup version 0.29-a0-870-g2c972031a6 (webtiles) character file.

Game seed: 15023923750049700207

4739 kevlar127 the Grappler (level 10, -22/159 HPs)
             Began as a Troll Berserker on July 17, 2022.
             Was a High Priest of Trog.
             Annihilated by a cyclops (26 damage)
             ... on level 9 of the Dungeon.
             The game lasted 00:19:50 (8639 turns).

kevlar127 the Grappler (Troll Berserker)            Turns: 8639, Time: 00:19:51

Health: -22/159    AC:  7    Str: 31    XL:     10   Next: 22%
Magic:  9/9        EV: 10    Int:  3    God:    Trog [*****.]
Gold:   215        SH:  0    Dex:  9    Spells: 9/9 levels left

rFire   + . .      SeeInvis +     - Unarmed
rCold   x . .      Faith    .   (no shield)
rNeg    . . .      Spirit   .   N - +2 robe {Will+}
rPois   .          Reflect  .   (helmet restricted)
rElec   .          Harm     .   q - +0 cloak
rCorr   .          Rampage  .   (gloves unavailable)
Will    +....                   (boots unavailable)
Stlth   ..........              (no amulet)
HPRegen 1.16/turn               w - ring of see invisible
MPRegen 0.11/turn               L - ring of fire

@: berserking, very quick
A: large, unfitting armour, claws 3, regeneration 1, shaggy fur 1, tough skin 1
a: Renounce Religion, Berserk, Trog's Hand, Brothers in Arms


You were on level 9 of the Dungeon.
You worshipped Trog.
Trog was extremely pleased with you.
You visited 1 branch of the dungeon, and saw 9 of its levels.

You collected 650 gold pieces.
You spent 435 gold pieces at shops.

Inventory:

Missiles
 g - 58 stones
 m - 2 boomerangs (quivered)
 C - 11 poisoned darts
 G - 2 throwing nets
 I - a boomerang of dispersal
Armour
 q - a +0 cloak (worn)
 N - a +2 robe of willpower (worn)
Jewellery
 w - a ring of see invisible (left claw)
 L - a ring of fire (right claw)
 M - a ring of fire
Wands
 z - a wand of flame (8)
Scrolls
 f - a scroll of noise {unknown}
 i - 11 scrolls of identify
 k - 2 scrolls of teleportation
 l - 2 scrolls of poison
 n - 2 scrolls of blinking {unknown}
 r - 4 scrolls of fog {unknown}
 s - a scroll of enchant weapon {unknown}
 t - 2 scrolls of immolation {unknown}
 u - 2 scrolls of acquirement {unknown}
 x - 3 scrolls of vulnerability
 y - 2 scrolls of amnesia {unknown}
 A - 5 scrolls of magic mapping {unknown}
 F - 2 scrolls of torment {unknown}
 K - a scroll of fear {unknown}
Potions
 b - 7 potions of curing
 c - 6 potions of mutation {unknown}
 d - 3 potions of brilliance {unknown}
 e - 6 potions of heal wounds {unknown}
 h - 6 potions of berserk rage
 j - 4 potions of resistance
 o - a potion of magic {unknown}
 p - 2 potions of degeneration {unknown}
 v - 3 potions of attraction {unknown}
 B - a potion of lignification {unknown}
 D - 2 potions of haste {unknown}
 E - 5 potions of flight {unknown}
 H - a potion of cancellation {unknown}
 J - a potion of might


   Skills:
 + Level 8.6 Fighting
 - Level 5.0 Throwing
 - Level 3.0 Dodging
 + Level 10.3 Unarmed Combat


You had 9 spell levels left.
You didn't know any spells.
Your spell library was empty.

Dungeon Overview and Level Annotations

Branches:
Dungeon (9/15)             Temple (0/1) D:5            Lair (0/5) D:8
    Orc: D:9-12

Altars:
Cheibriados
Dithmenos
Elyvilon
Fedhas
Gozag
Hepliaklqana
Nemelex Xobeh
Qazlal
Trog
Uskayaw
Vehumet
Wu Jian
Xom

Shops:
D:6 !   D:7 [((=?


Innate Abilities, Weirdness & Mutations

You are too large for most types of armour.
You have claws for hands.
Your natural rate of healing is unusually fast.
You are covered in fur. (AC +1)
You have tough skin. (AC +1)


Message History

The manticore claws you but does no damage.
You scratch the manticore.
The manticore is heavily wounded.
The manticore bites you! The manticore claws you. The manticore claws you!
You scratch the manticore.
The manticore is severely wounded.
The manticore bites you!!
* * * LOW HITPOINT WARNING * * *
The manticore claws you.
* * * LOW HITPOINT WARNING * * *
The manticore claws you.
* * * LOW HITPOINT WARNING * * *
A green ugly thing comes into view.
A red film seems to cover your vision as you go berserk!
You feel yourself moving faster!
You feel mighty!
The green ugly thing gurgles horribly!
The manticore bites you but does no damage.
The manticore claws you.
* * * LOW HITPOINT WARNING * * *
The manticore misses you.
A howler monkey simulacrum comes into view.
The cyclops throws a large rock.
The large rock barely misses you.
You claw the manticore!
The manticore is almost dead.
The manticore closely misses you. The manticore claws you.
* * * LOW HITPOINT WARNING * * *
The manticore claws you but does no damage.
Unknown command.
You barely miss the manticore.
The manticore is almost dead.
You claw the manticore!
You kill the manticore!
Trog accepts your kill.
You barely miss the cyclops.
The cyclops is severely wounded.
Unknown command.
You claw the cyclops!
The cyclops is almost dead.
The cyclops hits you!!
You die...

#. .## #.# ... #..
..Z #.# ###u##
#.##.#
##.....##.##.#
#.)...).#..#.#
#....$.†#..#.#
.......C@..#.#
.###.##..#.#.#
##...#.#
###.#.##########
...###.#..........#
.!.........#######.#
#.#.###..._.# #.#
#....## #.# ......#
#.#


You could see a green ugly thing, a cyclops and a howler monkey simulacrum.

Vanquished Creatures
  A deep elf pyromancer (D:9)
  2 manticores
  2 ice beasts (D:7)
  3 sky beasts
  2 black bears (D:8)
  A centaur (D:6)
  An ogre (D:5)
  4 bullfrogs
  4 scorpions
  3 necrophages
  2 gnoll sergeants
  9 wights
  9 killer bees
  2 howler monkeys
  4 hounds
  2 gnoll boudas
  6 orc priests
  5 iguanas
  7 orc wizards
  7 adders
  23 gnolls
  A shadow imp (D:5)
  A white imp (D:8)
  2 worms
  2 dart slugs
  25 orcs
  11 ball pythons
  5 bats
  7 endoplasms
  A giant cockroach (D:3)
  8 goblins
  9 hobgoblins
  8 jackals
  3 quokkas
  4 frilled lizards
  5 kobolds
  7 rats
198 creatures vanquished.

Vanquished Creatures (others)
  An orc (D:3)
1 creature vanquished.

Grand Total: 199 creatures vanquished

Notes
Turn   | Place    | Note
-------+----------+-------------------------------------------
     0 | D:1      | kevlar127 the Troll Berserker began the quest for the Orb.
     0 | D:1      | Reached XP level 1. HP: 22/22 MP: 0/0
   149 | D:1      | Reached XP level 2. HP: 29/29 MP: 1/1
   319 | D:1      | Reached ** piety under Trog
   676 | D:1      | Found a faded altar of an unknown god.
   912 | D:1      | Reached XP level 3. HP: 36/36 MP: 2/2
  1058 | D:2      | Reached XP level 4. HP: 33/45 MP: 3/3
  1377 | D:2      | Reached skill level 4 in Unarmed Combat
  1755 | D:3      | Noticed a shadow
  1756 | D:3      | Found a shadowy altar of Dithmenos.
  1757 | D:3      | Found a hazy altar of Hepliaklqana.
  1828 | D:3      | Found a shimmering altar of Xom.
  1862 | D:3      | Found a snail-covered altar of Cheibriados.
  1898 | D:3      | Reached *** piety under Trog
  1981 | D:3      | Reached XP level 5. HP: 53/53 MP: 4/4
  2184 | D:3      | Found a white marble altar of Elyvilon.
  2437 | D:4      | Reached skill level 5 in Unarmed Combat
  2437 | D:4      | Reached XP level 6. HP: 53/62 MP: 5/5
  2750 | D:4      | Reached skill level 1 in Throwing
  3322 | D:5      | Entered Level 5 of the Dungeon
  3545 | D:5      | Reached XP level 7. HP: 42/71 MP: 6/6
  3592 | D:5      | Found a blossoming altar of Fedhas.
  3683 | D:5      | Found a sparkling altar of Nemelex Xobeh.
  3727 | D:5      | Reached skill level 6 in Unarmed Combat
  3738 | D:5      | Reached skill level 5 in Fighting
  3934 | D:5      | Found a staircase to the Ecumenical Temple.
  4837 | D:6      | Reached **** piety under Trog
  4847 | D:6      | Reached XP level 8. HP: 75/81 MP: 7/7
  4992 | D:6      | Found a stormy altar of Qazlal.
  5227 | D:6      | Reached skill level 7 in Unarmed Combat
  5985 | D:6      | Found Typhisi's Distillery.
  5992 | D:6      | Bought a potion of might for 56 gold pieces
  5992 | D:6      | Bought a potion of resistance for 140 gold pieces
  5992 | D:6      | Bought a potion of berserk rage for 70 gold pieces
  6232 | D:7      | Found Veozidig's Jewellery Boutique.
  6257 | D:7      | Found Nouv's Magic Scroll Boutique.
  6293 | D:7      | Bought a scroll of identify for 26 gold pieces
  6293 | D:7      | Bought a scroll of poison for 52 gold pieces
  6293 | D:7      | Bought a scroll of teleportation for 39 gold pieces
  6293 | D:7      | Bought a scroll of vulnerability for 52 gold pieces
  6337 | D:7      | Reached skill level 8 in Unarmed Combat
  6399 | D:7      | Found Kokoll's Weapon Boutique.
  6445 | D:7      | Reached XP level 9. HP: 76/92 MP: 8/8
  6533 | D:7      | Identified the +10 short sword of Kiywkoycvu {freeze, rCorr
                  | Int+6}
  6609 | D:7      | Found Vuuvin's Armour Emporium.
  6841 | D:7      | Found an opulent altar of Gozag.
  6843 | D:7      | Found a hide-covered altar of Uskayaw.
  6846 | D:7      | Found an ornate altar of the Wu Jian Council.
  6888 | D:7      | Found Rirrusoj's Weapon Shop.
  7300 | D:8      | Found a bloodstained altar of Trog.
  7371 | D:8      | Found a staircase to the Lair.
  7383 | D:8      | Noticed a manticore
  7398 | D:8      | Reached skill level 5 in Throwing
  7407 | D:8      | Reached skill level 9 in Unarmed Combat
  7415 | D:8      | Killed a manticore
  8486 | D:9      | Reached XP level 10. HP: 87/104 MP: 9/9
  8509 | D:9      | Reached ***** piety under Trog
  8599 | D:9      | Found a radiant altar of Vehumet.
  8614 | D:9      | Noticed a deep elf pyromancer
  8617 | D:9      | Noticed a cyclops
  8621 | D:9      | Noticed a manticore
  8628 | D:9      | Killed a deep elf pyromancer
  8629 | D:9      | Reached skill level 10 in Unarmed Combat
  8633 | D:9      | Noticed a green ugly thing
  8634 | D:9      | HP: 5/159 [manticore (6)]
  8635 | D:9      | HP: 2/159 [manticore (4)]
  8637 | D:9      | Killed a manticore
  8639 | D:9      | Annihilated by a cyclops

Illustrated notes

Levels and vault maps discovered:
D:1:      mrwooster_arrival_statue_3, layout_basic,
          hellmonk_ecumenical_altar_inner_sanctum
D:2:      minmay_chambers_of_twos, layout_basic, kennysheep_generic_room_15
D:3:      minmay_spotlight, layout_basic, riverfiend_overflow_shadow_ancestor,
          brannock_xom_greatest_gift, mainiacjoe_overflow_surrounded_room,
          elyvilon_altar_4
D:4:      layout_layer_cave, minmay_misc_feat_cross
D:5:      layout_loops_ring, fedhas_altar_fruit_tree,
          nemelex_diamond_rough_becter, minmay_temple_entry_from_below_a,
          kennysheep_small_square
D:6:      layout_layer_cave, kennysheep_little_box, serial_shops,
          kennysheep_mini_moat, serial_glass, glass_columns_a, glass_columns_a,
          minmay_strange_pillars, minmay_strange_pillars
D:7:      layout_basic, minitemple, serial_shops, nicolae_shop_advertising_works
          [nicolae_subvault_shop_adworks], shop_coins, shop,
          nicolae_shop_waterfront, nicolae_square_shop, minmay_misc_feat_encased
D:8:      layout_basic, trog_ov_bears_minmay, lair_entry_dummy
D:9:      minmay_curly_fans, layout_loops_corners, overflow_temple_1_default,
          minmay_diced_spiral

Skill      XL: |  1  2  3  4  5  6  7  8  9 10 |
---------------+-------------------------------+-----
Fighting       | 3 4 5 6 8 |  8.6
Dodging        | 3 |  3.0
Unarmed Combat | 4 5 6 8 9 10 | 10.3
Throwing       | 1 2 3 5 |  5.0

Action                   |  1- 3 |  4- 6 |  7- 9 | 10-12 || total
-------------------------+-------+-------+-------+-------++-------
Melee: Unarmed           |    87 |   165 |   265 |    16 ||   533
       Punch             |     2 |     4 |     7 |       ||    13
Throw: Boomerang         |       |       |    69 |    17 ||    86
Invok: Berserk           |       |       |     6 |     1 ||     7
       Trog's Hand       |       |       |     3 |       ||     3
  Use: Scroll            |       |       |     1 |       ||     1
       Potion            |       |       |     1 |       ||     1
 Stab: Sleeping          |     1 |       |       |       ||     1
Armor: Animal skin       |    31 |    59 |    51 |       ||   141
       Robe              |       |       |    29 |     3 ||    32
Dodge: Dodged            |    35 |    81 |   160 |     9 ||   285

Table legend: (Time is in decaauts)
 A = Elapsed time spent in this place.
 B = Non-inter-level travel time spent in this place.
 C = Inter-level travel time spent in this place.
 D = Time resting spent in this place.
 E = Time spent auto-exploring this place.
 F = Levels seen in this place.
 G = Mean time per level.
                   A        B        C        D        E       F      G
               +--------+--------+--------+--------+--------+-----+--------+
         Total |   8642 |   8198 |    444 |   1292 |   5813 |   9 |  960.2 |
       Dungeon |   8642 |   8198 |    444 |   1292 |   5813 |   9 |  960.2 |
               +--------+--------+--------+--------+--------+-----+--------+

Top non-repeatable levels by time:
     D:6: 1771 daAuts
     D:8: 1206 daAuts
     D:7: 1151 daAuts
     D:4: 1075 daAuts
     D:5: 1046 daAuts
     D:1: 1041 daAuts
     D:3: 601 daAuts
     D:2: 585 daAuts
     D:9: 163 daAuts
